 Dungeon Sprint DCSS version 0.29-a0-824-gd827844252 (webtiles) character file.

Game seed: 11232212697967342010

2727 shadowstone the Blocker (level 9, -2/51 (65) HPs)
             Began as a Gargoyle Fighter on July 10, 2022.
             Was an Elder of Lugonu.
             Slain by a small abomination (8 damage)
             ... in the Dungeon (Sprint V: "Ziggurat Sprint").
             The game lasted 00:06:37 (1081 turns).

shadowstone the Blocker (Gargoyle Fighter)          Turns: 1081, Time: 00:06:37

HP:   -2/51 (65)    AC:  6    Str: 24      XL:     9   Next: 67%
MP:   9/9           EV: 11    Int:  9      God:    Lugonu [****..]
Gold: 0             SH:  0    Dex:  8 (9)  Spells: 8/8 levels left

rFire   . . .      SeeInvis .   (no weapon)
rCold   . . .      Faith    .   (no shield)
rNeg    + . .      Spirit   .   (no body armour)
rPois   ∞          Reflect  .   (no helmet)
rElec   +          Harm     .   (no cloak)
rCorr   .          Rampage  .   (no gloves)
Will    .....      NoTele   +   (no boots)
Stlth   +.........              (no amulet)
HPRegen 0.17/turn               (no ring)
MPRegen 0.11/turn               (no ring)

@: heavily drained
A: sickness immunity, AC +6, negative energy resistance 1, electricity
resistance, torment resistance 1, petrification resistance
a: Renounce Religion, Bend Space, Banish, Corrupt


You were in the Dungeon.
You worshipped Lugonu.
Lugonu was greatly pleased with you.
You visited 1 branch

Inventory:

Hand Weapons
 s - the +14 obsidian axe {vorpal, Mesm Drain Fly SInv}
   (You found it in the Dungeon)

   It inflicts extra damage upon your enemies.
   It occasionally summons demons to assist the wielder when it strikes in
   combat.
   Its wielder is mesmerised by any visible foes.
   It cannot be unequipped while any foes are visible.
   SInv:      It lets you see invisible.
   Fly:       It grants you flight.
   Drain:     It drains your maximum health when unequipped.
Armour
 t - the +15 Maxwell's patent armour {-Cast -Tele rElec Will+ rCorr}
   (You found it in the Dungeon)

   rElec:     It insulates you from electricity.
   -Cast:     It prevents spellcasting.
   -Tele:     It prevents most forms of teleportation.
   rCorr:     It protects you from acid and corrosion.
   Will:      It increases your willpower.
 D - the +18 shield of the Gong {rElec rN+ Will+ EV-5}
   (You found it in the Dungeon)

   It is deafeningly noisy when blocking attacks.
   EV:        It affects your evasion (-5).
   rElec:     It insulates you from electricity.
   rN:        It protects you from negative energy.
   Will:      It increases your willpower.
Jewellery
 a - a ring of flight
 b - an amulet of magic regeneration
 u - a +6 ring of dexterity
 v - a +6 ring of dexterity
 w - a +6 ring of intelligence
 x - a +6 ring of intelligence
 y - a +6 ring of strength
 z - a +6 ring of strength
Wands
 A - a wand of mindburst (7)
 B - a wand of iceblast (7)
 C - a wand of quicksilver (7)
Scrolls
 j - 4 scrolls of blinking
 o - 4 scrolls of amnesia
 p - 7 scrolls of fog
 q - 5 scrolls of identify
 r - 2 scrolls of fear
Potions
 d - 6 potions of might
 e - 10 potions of curing
 f - 10 potions of heal wounds
 g - 6 potions of haste
 h - 7 potions of magic
 i - 3 potions of berserk rage
 k - 2 potions of brilliance
 l - 2 potions of invisibility
 m - 4 potions of resistance
 n - a potion of experience
Miscellaneous
 c - a phial of floods


   Skills:
 + Level 11.7 Fighting
 + Level 4.3 Short Blades
 + Level 10.0 Axes
 + Level 11.8 Armour
 + Level 1.5 Dodging
 + Level 12.9 Shields


You had 8 spell levels left.
You didn't know any spells.
Your spell library contained the following spells:

 Spells                   Type           Power      Damage    Failure   Level
 Tukima's Dance           Hex            0%         N/A       77%         3
 Animate Armour           Summ/Erth      0%         N/A       99%         4
 Cause Fear               Hex            0%         N/A       99%         4
 Passage of Golubria      Tloc           0%         N/A       99%         4
 Blade Hands              Tmut           0%         N/A       100%        5
 Iskenderun's Battlesphe  Conj           0%         2d6       100%        5
 Yara's Violent Unravell  Hex/Tmut       0%         3d3       100%        5
 Iron Shot                Conj/Erth      0%         9d1       100%        6
 Dragon Form              Tmut           0%         N/A       100%        7
 Spellforged Servitor     Conj/Summ      0%         N/A       100%        7
 Dragon's Call            Summ           0%         N/A       100%        9


Dungeon Overview and Level Annotations

Branches:
Dungeon (1/1)

Altars:
Ashenzari
Cheibriados
Dithmenos
Elyvilon
Fedhas
Gozag
Hepliaklqana
Kikubaaqudgha
Makhleb
Nemelex Xobeh
Okawaru
Qazlal
Ru
Sif Muna
Trog
Uskayaw
Vehumet
Wu Jian
Xom
Yredelemnul
Zin
The Shining One
Jiyva
Lugonu

Annotations:
D 1 transporter


Innate Abilities, Weirdness & Mutations

You are immune to sickness and miasma.
Your stone body is resilient. (AC +6)
You are immune to poison.
You resist negative energy. (rN+)
You are resistant to electric shocks. (rElec)
You are resistant to unholy torment.
You are immune to petrification.


Message History

The quasit bites you but does no damage.
The quasit claws you but does no damage.
The quasit barely misses you.
Unknown command.
The white imp attacks as you move away! The white imp misses you.
The shadow imp barely misses you.
Unknown command.
You hit the small abomination but do no damage.
The shadow imp hits you but does no damage.
The small abomination hits you!
Unknown command.
You hit the quasit but do no damage. Your punch misses the quasit.
The white imp shouts, "Flee, thou feeble milk-livered apple-john!"
The shadow imp closely misses you. The quasit barely misses you.
The quasit claws you but does no damage.
The quasit barely misses you. The small abomination hits you!
* * * LOW HITPOINT WARNING * * *
Unknown command.
You barely miss the quasit.
The shadow imp hits you but does no damage.
The white imp barely misses you.
The quasit bites you but does no damage.
The quasit claws you but does no damage. x2
You barely miss the small abomination. The quasit closely misses you.
The quasit claws you but does no damage.
The quasit claws you.
* * * LOW HITPOINT WARNING * * *
You feel clumsy.
The white imp laughs crazily.
The white imp gestures at you. The puff of frost hits you.
* * * LOW HITPOINT WARNING * * *
The shadow imp closely misses you.
The small abomination barely misses you.
You barely miss the quasit. The quasit closely misses you. x3
The white imp gestures at you.
The puff of frost hits you but does no damage.
The shadow imp hits you but does no damage.
The small abomination hits you!
You die...

▓.....▓.....▓..©..▓
▓..©..▓..©..▓▓▓▓▓▓▓
▓▓▓▓▓▓▓▓▓▓▓▓▓▓▓▓▓▓▓
▓..8©8...▓..8©8...▓
▓..)|....▓..|""...▓
▓...)....▓..}.=...▓
▓........▓........▓
▓........▓.....5x.▓
▓.▓....▓.▓.....5@.▓
▓...©....▓...©.5..▓
▓▓▓▓▓▓▓▓▓▓▓▓▓▓▓▓▓▓▓


You could see a small abomination, a quasit, a white imp and a shadow imp.

Vanquished Creatures
  A harpy (D)
  A vault sentinel (D)
  A merfolk (D)
  A swamp drake (D)
  3 mummies (D)
  An ufetubus (D)
  An adder zombie (D)
9 creatures vanquished.

Vanquished Creatures (collateral kills)
  A dire elephant (D)
  An ironbound convoker (D)
  A merfolk (D)
  2 steam dragons (D)
5 creatures vanquished.

Grand Total: 14 creatures vanquished

Notes
Turn   | Place    | Note
-------+----------+-------------------------------------------
     0 | D        | shadowstone the Gargoyle Fighter began the quest for the
                  | Orb.
     0 | D        | Reached XP level 1. HP: 14/14 MP: 1/1
     0 | D        | Found a shimmering blue altar of Sif Muna.
     0 | D        | Found a bloodstained altar of Trog.
     0 | D        | Found a sacrificial altar of Ru.
     0 | D        | Found a stormy altar of Qazlal.
     0 | D        | Found an iron altar of Okawaru.
     3 | D        | Found a sparkling altar of Nemelex Xobeh.
     3 | D        | Found a blossoming altar of Fedhas.
     3 | D        | Found the +6 Majin-Bo {vamp, MP+6 Int+6}
     3 | D        | Found the +9 heavy crossbow "Sniper" {vorpal, Acc+∞ SInv}
     3 | D        | Found the +10 dark maul {vorpal}
     3 | D        | Found the +15 Maxwell's patent armour {-Cast -Tele rElec
                  | Will+ rCorr}
     3 | D        | Found the +18 shield of the Gong {rElec rN+ Will+ EV-5}
     3 | D        | Found the +14 obsidian axe {vorpal, Mesm Drain Fly SInv}
     3 | D        | Found the +7 great mace "Firestarter" {inner flame, rF++}
     3 | D        | Found the +6 shillelagh "Devastator" {shatter}
     3 | D        | Found the +11 plutonium sword {Contam Stlth-}
     3 | D        | Found the +8 lance "Wyrmbane" {slay drac, rPois rF+ rC+
                  | AC+3}
     3 | D        | Found the +9 sword of Zonguldrok {reap}
     3 | D        | Found the +13 scythe of Curses {drain, Drain}
     3 | D        | Found the +5 sword of Power {vorpal}
     3 | D        | Found the +7 mace of Variability {chain chaos}
     3 | D        | Found the +7 Singing Sword {vorpal, sonic wave}
     3 | D        | Found the +8 storm bow {elec, penet}
     6 | D        | Found an ancient bone altar of Kikubaaqudgha.
     6 | D        | Found a transporter.
     6 | D        | Found a corrupted altar of Lugonu.
     6 | D        | Found a viscous altar of Jiyva.
     6 | D        | Found a burning altar of Makhleb.
     6 | D        | Found a hazy altar of Hepliaklqana.
     6 | D        | Found an opulent altar of Gozag.
    34 | D        | Became a worshipper of Lugonu the Unformed
    34 | D        | Reached * piety under Lugonu
   177 | D        | Entered arena 2.
   177 | D        | Noticed a merfolk
   177 | D        | Noticed a merfolk
   177 | D        | Found a transporter.
   181 | D        | Killed a merfolk
   182 | D        | Reached skill level 7 in Shields
   182 | D        | Reached XP level 2. HP: 10/24 MP: 2/2
   182 | D        | Reached XP level 3. HP: 12/28 MP: 3/3
   182 | D        | Reached XP level 4. HP: 15/34 MP: 4/4
   182 | D        | Reached XP level 5. HP: 17/38 MP: 5/5
   185 | D        | Killed a merfolk
   186 | D        | Reached skill level 8 in Shields
   186 | D        | Reached XP level 6. HP: 21/45 MP: 6/6
   548 | D        | Entered arena 3.
   548 | D        | Noticed a steam dragon
   548 | D        | Noticed a swamp drake
   548 | D        | Noticed a steam dragon
   548 | D        | Found a transporter.
   552 | D        | Killed a swamp drake
   552 | D        | Reached ** piety under Lugonu
   553 | D        | Reached XP level 7. HP: 32/51 MP: 7/7
   555 | D        | Killed a steam dragon
   556 | D        | Reached skill level 5 in Axes
   556 | D        | Reached skill level 9 in Shields
   557 | D        | Killed a steam dragon
   558 | D        | Reached skill level 10 in Armour
   581 | D        | Entered arena 4.
   581 | D        | Noticed a vault sentinel
   581 | D        | Noticed a dire elephant
   581 | D        | Noticed a harpy
   581 | D        | Noticed an ironbound convoker
   581 | D        | Found a transporter.
   586 | D        | Killed a harpy
   587 | D        | Reached skill level 10 in Fighting
   587 | D        | Reached skill level 1 in Dodging
   587 | D        | Reached skill level 10 in Shields
   587 | D        | Reached XP level 8. HP: 19/57 MP: 8/8
   587 | D        | Killed a dire elephant
   587 | D        | Reached *** piety under Lugonu
   588 | D        | Reached skill level 11 in Shields
   588 | D        | Reached XP level 9. HP: 22/64 MP: 9/9
   590 | D        | Killed an ironbound convoker
   591 | D        | Reached skill level 12 in Shields
   594 | D        | Killed a vault sentinel
   595 | D        | Reached skill level 10 in Axes
  1025 | D        | Entered arena 5.
  1025 | D        | Found a transporter.
  1030 | D        | Reached **** piety under Lugonu
  1070 | D        | Entered arena 6.
  1070 | D        | Found a transporter.
  1081 | D        | Slain by a small abomination

Illustrated notes

Levels and vault maps discovered:
D:        sprint_v [room_start, room_1, room_2, room_3, room_4, room_5, room_6,
          room_7, room_8, room_9, room_10, room_11, room_12, room_13, room_14,
          room_15, room_16, room_17, room_18, room_19, room_20, room_21,
          room_22, room_23, room_24, room_25, room_26, room_27]

Skill      XL: |  1  2  3  4  5  6  7  8  9 |
---------------+----------------------------+-----
Fighting       | 7 8 9 10 11 | 11.7
Short Blades   | 3 4 |  4.3
Axes           | 3 4 7 8 10 | 10.0
Armour         | 7 8 9 10 11 | 11.8
Shields        | 7 8 10 11 12 | 12.9
Dodging        | 1 |  1.5

Action                   |  1- 3 |  4- 6 |  7- 9 || total
-------------------------+-------+-------+-------++-------
Melee: Broad axe         |     3 |     5 |    10 ||    18
       Unarmed           |       |       |     8 ||     8
       Punch             |       |       |     1 ||     1
Armor: Plate armour      |     2 |     7 |     9 ||    18
       Skin              |       |       |    24 ||    24
Dodge: Dodged            |     1 |       |    19 ||    20
Block: Kite shield       |     8 |    12 |    32 ||    52

Table legend: (Time is in decaauts)
 A = Elapsed time spent in this place.
 B = Non-inter-level travel time spent in this place.
 C = Inter-level travel time spent in this place.
 D = Time resting spent in this place.
 E = Time spent auto-exploring this place.
 F = Levels seen in this place.
 G = Mean time per level.
                   A        B        C        D        E       F      G
               +--------+--------+--------+--------+--------+-----+--------+
         Total |   1087 |   1014 |     73 |    753 |      0 |   1 | 1087.0 |
       Dungeon |   1087 |   1014 |     73 |    753 |      0 |   1 | 1087.0 |
               +--------+--------+--------+--------+--------+-----+--------+

Top non-repeatable levels by time:
       D: 1087 daAuts
